 Dungeon Crawl Stone Soup version 0.27.1 (webtiles) character file.

Game seed: 11186367546199662077

13 Descartes the Firebug (level 2, 0/11 HPs)
             Began as a Felid Wanderer on Aug 25, 2021.
             Slain by a goblin (3 damage)
             ... on level 1 of the Dungeon.
             The game lasted 00:01:35 (619 turns).

Descartes the Firebug (Felid Wanderer)               Turns: 619, Time: 00:01:35

Health: 0/11       AC:  1    Str:  8    XL:     2   Next: 24%
Magic:  3/3        EV: 16    Int: 12    God:
Gold:   0          SH:  0    Dex: 16    Spells: 1/1 levels left
                                        Lives:  0   Deaths: 0

rFire    . . .     SeeInvis +   (weapon unavailable)
rCold    . . .     Faith    .   (shield unavailable)
rNeg     . . .     Spirit   .   (armour unavailable)
rPois    .         Reflect  .   (helmet unavailable)
rElec    .         Harm     .   (cloak unavailable)
rCorr    .         Rampage  .   (gloves unavailable)
Will     .....                  (boots unavailable)
Stlth    ++........             c - amulet of regeneration
HPRegen  1.03/turn              (no ring)
MPRegen  0.08/turn              (no ring)

@: quick
A: very small, claws 1, fangs 3, see invisible, speed 1, shaggy fur 1, stealthy
paws, no weapons or thrown items, no armour, multi-lived
a: no special abilities


You were on level 1 of the Dungeon.
You visited 1 branch of the dungeon, and saw 1 of its levels.

Inventory:

Jewellery
 c - an amulet of regeneration (around neck)
Potions
 a - a potion of ambrosia {unknown}
 b - a potion of might {unknown}


   Skills:
 + Level 1.0 Dodging
 * Level 2.4 Stealth
 + Level 0.6 Unarmed Combat
 + Level 0.7 Transmutations
 - Level 4.5 Fire Magic
 - Level 2.6 Ice Magic
 - Level 1.1 Evocations


You had one spell level left.
You didn't know any spells.
Your spell library contained the following spells:

 Spells                   Type           Power      Damage    Failure   Level
 Freeze                   Ice            24%        1d5       11%         1
 Foxfire                  Conj/Fire      20%        2x1d5     13%         1
 Beastly Appendage        Tmut           2%         N/A       26%         1
 Frozen Ramparts          Ice            12%        1d3       32%         3
 Ozocubu's Armour         Ice            6%         N/A       32%         3
 Ignite Poison            Fire/Tmut/Pois 4%         N/A       45%         3
 Hailstorm                Conj/Ice       3%         3d3       88%         4


Dungeon Overview and Level Annotations

Branches:
Dungeon (1/15)

Altars:


Innate Abilities, Weirdness & Mutations

You have sharp claws.
You have razor-sharp teeth.
You have supernaturally acute eyesight. (SInv)
You cover ground quickly. (Speed+)
You are covered in fur. (AC +1)
Your paws help you pounce on unaware monsters.
You are incapable of wielding weapons or throwing items.
You cannot wear armour.
You gain extra lives every three experience levels.


Message History

Found a leather armour.
A goblin comes into view. It is wielding a +0 dagger.
Found 9 gold pieces.
The goblin shouts!
You see here a +0 leather armour.
The endoplasm quivers.
You scratch the endoplasm.
The endoplasm is moderately wounded.
The endoplasm hits you.
You completely miss the endoplasm.
The endoplasm is moderately wounded.
The endoplasm freezes you.
You are frozen.
You scratch the endoplasm.
The endoplasm is severely wounded.
The endoplasm freezes you.
You are frozen.
You are too injured to fight recklessly!
You are too injured to fight recklessly!
You are too injured to fight recklessly!
You are too injured to fight recklessly!
You are too injured to fight recklessly!
You are too injured to fight recklessly!
You are too injured to fight recklessly!
You are too injured to fight recklessly!
You are too injured to fight recklessly!
You are too injured to fight recklessly!
You are too injured to fight recklessly!
You are too injured to fight recklessly!
You are too injured to fight recklessly!
You scratch the endoplasm.
You kill the endoplasm!
You scratch the goblin.
The goblin is moderately wounded.
The goblin hits you with a +0 dagger.
* * * LOW HITPOINT WARNING * * *
You barely miss the goblin.
The goblin is moderately wounded.
The goblin hits you with a +0 dagger.
You die...

.. ..# .....# ...#..
#.##.# #.##.# #.##.#
##.####.##.####.###.
...........[@g......
######.#.#####.####
#.#$# #.#.# #.#.#
#.#.# ########.#.#
#........#.#
#.########


You could see a goblin.

Vanquished Creatures
  2 endoplasms (D:1)
  3 giant cockroaches (D:1)
  A goblin (D:1)
  A hobgoblin (D:1)
  A kobold (D:1)
  A bat (D:1)
  A frilled lizard (D:1)
  A rat (D:1)
11 creatures vanquished.

Notes
Turn   | Place    | Note
-------+----------+-------------------------------------------
     0 | D:1      | Descartes the Felid Wanderer began the quest for the Orb.
     0 | D:1      | Descartes set off with the following items: ; and the
                  | following spells available to memorise: Freeze, Foxfire,
                  | Beastly Appendage, Frozen Ramparts, Ozocubu's Armour,
                  | Ignite Poison, Hailstorm
     0 | D:1      | Reached XP level 1. HP: 7/7 MP: 2/2
   537 | D:1      | Reached XP level 2. HP: 11/11 MP: 3/3
   584 | D:1      | Reached skill level 1 in Dodging
   619 | D:1      | Slain by a goblin

Illustrated notes

Levels and vault maps discovered:
D:1:      tarquinn_simple_flora_water_f, layout_loops_ring

Skill      XL: |  1  2 |
---------------+-------+-----
Stealth        | 2 |  2.4
Dodging        | 1 |  1.0
Unarmed Combat | |  0.6
Transmutations | |  0.7
Fire Magic     | |  4.5
Ice Magic      | |  2.6
Evocations     | |  1.1

Action                   || total
-------------------------++-------
Melee: Unarmed           ||    64
       Bite              ||     6
 Stab: Sleeping          ||     1
Armor: Skin              ||     6
Dodge: Dodged            ||    39
